DTBL
SOUTHBAY BEANBALLERS @ COLORADO DEMIGODS
06/09/2020
 
TOP OF THE 1ST
Southbay Beanballers batting - Pitching for Colorado Demigods : RHP Corey Kluber
Pitching: RHP Corey Kluber
Batting: RHB Trea Turner 0-0: Ball
1-0: Ball
2-0: Ball
3-0: Called Strike
3-1: Called Strike
3-2: Foul Ball, location: 2F
3-2: Ground out 4-3 (Groundball, 4M, EV 81.3 MPH)
Batting: SHB Yoan Moncada 0-0: Ball
1-0: Called Strike
1-1: Ball
2-1: Swinging Strike
2-2: Ball
3-2: Strikes out swinging
Batting: RHB Nolan Arenado 0-0: Ball
1-0: Ball
2-0: Foul Ball, location: 2F
2-1: Ground out 5-3 (Groundball, 56S, EV 86.3 MPH)
Top of the 1st over - 0 runs, 0 hits, 0 errors, 0 left on base; Southbay 0 - Colorado 0
BOTTOM OF THE 1ST
Colorado Demigods batting - Pitching for Southbay Beanballers : RHP Noah Syndergaard
Pitching: RHP Noah Syndergaard
Batting: RHB Fernando Tatis Jr. 0-0: Called Strike
0-1: Ball
1-1: Fly out, F8 (Line Drive, 8RD, EV 98.8 MPH)
Batting: RHB Jose Altuve 0-0: Bunt for hit to 2R - play at first, batter OUT! 2-3
Batting: LHB Freddie Freeman 0-0: Fly out, F9 (Flyball, 9LM, EV 88.1 MPH)
Bottom of the 1st over - 0 runs, 0 hits, 0 errors, 0 left on base; Southbay 0 - Colorado 0
TOP OF THE 2ND
Southbay Beanballers batting - Pitching for Colorado Demigods : RHP Corey Kluber
Batting: RHB Marcell Ozuna 0-0: Ball
1-0: Fly out, F8 (Line Drive, 8RM, EV 86.3 MPH)
Batting: RHB Luke Voit 0-0: Ball
1-0: Ground out 6-3 (Groundball, 6, EV 90.0 MPH)
Batting: RHB Mark Canha 0-0: Called Strike
0-1: Called Strike
0-2: Strikes out looking
Top of the 2nd over - 0 runs, 0 hits, 0 errors, 0 left on base; Southbay 0 - Colorado 0
BOTTOM OF THE 2ND
Colorado Demigods batting - Pitching for Southbay Beanballers : RHP Noah Syndergaard
Batting: RHB J.D. Martinez 0-0: Ball
1-0: Ball
2-0: Foul Ball, location: 2F
2-1: Ball
3-1: Foul Ball, location: 2F
3-2: Base on Balls
Batting: SHB Francisco Lindor 0-0: Swinging Strike
0-1: Foul Ball, location: 2F
0-2: Ball
1-2: Ball
2-2: Grounds into double play, 5-4-3 (Groundball, 5, EV 83.1 MPH)
Batting: RHB Justin Turner 0-0: Swinging Strike
0-1: Ball
1-1: Called Strike
1-2: Ground out 1-3 (Groundball, 13, EV 77.5 MPH)
Bottom of the 2nd over - 0 runs, 0 hits, 0 errors, 0 left on base; Southbay 0 - Colorado 0
TOP OF THE 3RD
Southbay Beanballers batting - Pitching for Colorado Demigods : RHP Corey Kluber
Batting: RHB Bo Bichette 0-0: Foul Ball, location: 2F
0-1: Swinging Strike
0-2: Strikes out looking
Batting: RHB Mitch Garver 0-0: Foul Ball, location: 2F
0-1: Ball
1-1: Called Strike
1-2: Ball
2-2: Ball
3-2: Base on Balls
Batting: RHB Victor Robles 0-0: Grounds into double play, 6-4-3 (Groundball, 6S, EV 88.8 MPH)
Top of the 3rd over - 0 runs, 0 hits, 0 errors, 0 left on base; Southbay 0 - Colorado 0
BOTTOM OF THE 3RD
Colorado Demigods batting - Pitching for Southbay Beanballers : RHP Noah Syndergaard
Batting: LHB Austin Meadows 0-0: TRIPLE (Flyball, 78XD, EV 98.1 MPH)
Batting: RHB Willson Contreras 0-0: Fly out, F6 (Popup, 6D, EV 63.8 MPH)
Batting: RHB Byron Buxton 0-0: Called Strike
0-1: Called Strike
0-2: Ball
1-2: Strikes out looking
Batting: RHB Fernando Tatis Jr. 0-0: Foul Ball, location: 2F
0-1: Called Strike
0-2: Foul Ball, location: 2F
0-2: Ball
1-2: Strikes out swinging
Bottom of the 3rd over - 0 runs, 1 hit, 0 errors, 1 left on base; Southbay 0 - Colorado 0
TOP OF THE 4TH
Southbay Beanballers batting - Pitching for Colorado Demigods : RHP Corey Kluber
Batting: RHB Trea Turner 0-0: Ball
1-0: Ball
2-0: Called Strike
2-1: Bunt for hit to 3S - play at first, batter OUT! 3-4
Batting: SHB Yoan Moncada 0-0: DOUBLE (Line Drive, 9LM, EV 93.1 MPH)
Batting: RHB Nolan Arenado 0-0: Ground out 6-3 (Groundball, 6M, EV 103.8 MPH)
Yoan Moncada to third
Batting: RHB Marcell Ozuna 0-0: Ground out 5-3 (Groundball, 56S, EV 79.4 MPH)
Top of the 4th over - 0 runs, 1 hit, 0 errors, 1 left on base; Southbay 0 - Colorado 0
BOTTOM OF THE 4TH
Colorado Demigods batting - Pitching for Southbay Beanballers : RHP Noah Syndergaard
Batting: RHB Jose Altuve 0-0: Called Strike
0-1: Called Strike
0-2: Foul Ball, location: 2F
0-2: Foul Ball, location: 2F
0-2: Strikes out looking
Batting: LHB Freddie Freeman 0-0: Foul Ball, location: 2F
0-1: Ground out 6-3 (Groundball, 4, EV 105.6 MPH)
Batting: RHB J.D. Martinez 0-0: Called Strike
0-1: Swinging Strike
0-2: Ball
1-2: Foul Ball, location: 2F
1-2: Strikes out swinging
Bottom of the 4th over - 0 runs, 0 hits, 0 errors, 0 left on base; Southbay 0 - Colorado 0
TOP OF THE 5TH
Southbay Beanballers batting - Pitching for Colorado Demigods : RHP Corey Kluber
Batting: RHB Luke Voit 0-0: Foul Ball, location: 2F
0-1: Fly out, F8 (Flyball, 8RD, EV 86.9 MPH)
Batting: RHB Mark Canha 0-0: Swinging Strike
0-1: Swinging Strike
0-2: Foul Ball, location: 2F
0-2: DOUBLE (Line Drive, 9LM, EV 96.9 MPH)
Batting: RHB Bo Bichette 0-0: SINGLE (Groundball, 3D, EV 99.4 MPH)
Mark Canha to third
Runner from 3rd tries for Home, throw by RF and OUT! 9-2
Batting: RHB Mitch Garver 0-0: Ball
1-0: Ball
2-0: Ball
3-0: Called Strike
3-1: Called Strike
3-2: Fly out, F9 (Flyball, 9D, EV 86.9 MPH)
Top of the 5th over - 0 runs, 2 hits, 0 errors, 1 left on base; Southbay 0 - Colorado 0
BOTTOM OF THE 5TH
Colorado Demigods batting - Pitching for Southbay Beanballers : RHP Noah Syndergaard
Batting: SHB Francisco Lindor 0-0: Foul Ball, location: 2F
0-1: Swinging Strike
0-2: Ball
1-2: Ball
2-2: SINGLE (Flyball, 6D, EV 88.8 MPH)
Batting: RHB Justin Turner 0-0: Called Strike
0-1: Ball
1-1: Ball
2-1: Reached on error, E4 (Groundball, 4, EV 87.5 MPH)
Francisco Lindor to second
Batting: LHB Austin Meadows 0-0: Called Strike
0-1: Swinging Strike
0-2: Strikes out swinging
Batting: RHB Willson Contreras 0-0: Ball
1-0: Called Strike
1-1: Swinging Strike
1-2: Foul Ball, location: 2F
1-2: Strikes out swinging
Batting: RHB Byron Buxton 0-0: Called Strike
0-1: Ball
1-1: Fly out, F8 (Line Drive, 8RM, EV 98.8 MPH)
Bottom of the 5th over - 0 runs, 1 hit, 1 error, 2 left on base; Southbay 0 - Colorado 0
TOP OF THE 6TH
Southbay Beanballers batting - Pitching for Colorado Demigods : RHP Corey Kluber
Batting: RHB Victor Robles 0-0: Ball
1-0: Swinging Strike
1-1: Ball
2-1: Bunt for hit to 23 - play at first, batter OUT! 3-4
Batting: RHB Trea Turner 0-0: Ball
1-0: Ball
2-0: Fly out, F7 (Flyball, 7LM, EV 81.3 MPH)
Batting: SHB Yoan Moncada 0-0: Ball
1-0: Called Strike
1-1: Foul Ball, location: 2F
1-2: Ball
2-2: Strikes out looking
Top of the 6th over - 0 runs, 0 hits, 0 errors, 0 left on base; Southbay 0 - Colorado 0
BOTTOM OF THE 6TH
Colorado Demigods batting - Pitching for Southbay Beanballers : RHP Noah Syndergaard
Batting: RHB Fernando Tatis Jr. 0-0: Fly out, F8 (Line Drive, 8LM, EV 86.9 MPH)
Batting: RHB Jose Altuve 0-0: Ball
1-0: Called Strike
1-1: Ball
2-1: Foul Ball, location: 2F
2-2: Foul Ball, location: 2F
2-2: Ball
3-2: SINGLE (Flyball, 6D, EV 98.1 MPH)
Batting: LHB Freddie Freeman 0-0: Ball
1-0: Foul Ball, location: 2F
1-1: SINGLE (Line Drive, 9LS, EV 93.1 MPH)
Jose Altuve to second
Runner from 2nd tries for 3rd, SAFE, throw by RF made to third
Batting: RHB J.D. Martinez 0-0: Fielders Choice at 2nd, 6-4 (Groundball, 6, EV 85.0 MPH)
Jose Altuve scores
Batting: SHB Francisco Lindor 0-0: Foul Ball, location: 2F
0-1: Ball
1-1: Swinging Strike
1-2: Ball
2-2: Fielders Choice at 2nd, 5-4 (Groundball, 5, EV 97.5 MPH)
Bottom of the 6th over - 1 run, 2 hits, 0 errors, 1 left on base; Southbay 0 - Colorado 1
TOP OF THE 7TH
Southbay Beanballers batting - Pitching for Colorado Demigods : RHP Corey Kluber
Batting: RHB Nolan Arenado 0-0: Ball
1-0: Foul Ball, location: 2F
1-1: Foul Ball, location: 2F
1-2: Ball
2-2: Fly out, F7 (Line Drive, 7, EV 85.6 MPH)
Batting: RHB Marcell Ozuna 0-0: Called Strike
0-1: Called Strike
0-2: Ball
1-2: Ball
2-2: Ground out 6-3 (Groundball, 56D, EV 100.6 MPH)
Batting: RHB Luke Voit 0-0: Ball
1-0: Ball
2-0: SINGLE (Line Drive, 7S, EV 86.3 MPH)
Batting: RHB Mark Canha 0-0: Swinging Strike
0-1: Fielders Choice at 2nd, 6-4 (Groundball, 6, EV 81.3 MPH)
Top of the 7th over - 0 runs, 1 hit, 0 errors, 1 left on base; Southbay 0 - Colorado 1
BOTTOM OF THE 7TH
Colorado Demigods batting - Pitching for Southbay Beanballers : RHP Noah Syndergaard
Batting: RHB Justin Turner 0-0: Ball
1-0: Ground out U3 (Groundball, 34S, EV 78.8 MPH)
Batting: LHB Austin Meadows 0-0: Ball
1-0: Ball
2-0: Foul Ball, location: 2F
2-1: Ball
3-1: Base on Balls
Batting: RHB Willson Contreras 0-0: Foul Ball, location: 2F
0-1: Ball
1-1: Ball
Austin Meadows steals 2nd base
2-1: Foul Ball, location: 2F
2-2: Foul Ball, location: 2F
2-2: Reached on error, E5 (Groundball, 56, EV 80.0 MPH)
Austin Meadows to third
Batting: RHB Byron Buxton 0-0: Ball
1-0: Called Strike
1-1: Ball
2-1: Swinging Strike
2-2: Foul Ball, location: 2F
2-2: Foul Ball, location: 2F
2-2: Strikes out looking
Pitching: RHP Blake Treinen
Batting: RHB Fernando Tatis Jr. 0-0: Called Strike
0-1: Ball
1-1: Ball
2-1: Foul Ball, location: 2F
2-2: Strikes out looking
Bottom of the 7th over - 0 runs, 0 hits, 1 error, 2 left on base; Southbay 0 - Colorado 1
TOP OF THE 8TH
Southbay Beanballers batting - Pitching for Colorado Demigods : RHP Corey Kluber
Batting: RHB Bo Bichette 0-0: Swinging Strike
0-1: Ball
1-1: Ball
2-1: Swinging Strike
2-2: Foul Ball, location: 2F
2-2: Ball
3-2: Fly out, F8 (Flyball, 78D, EV 87.5 MPH)
Batting: RHB Mitch Garver 0-0: Ball
1-0: Called Strike
1-1: Foul Ball, location: 2F
1-2: Ball
2-2: Ball
3-2: Base on Balls
Batting: RHB Victor Robles 0-0: Swinging Strike
0-1: Fly out, F4 (Popup, 4M, EV 57.5 MPH)
Batting: RHB Trea Turner 0-0: Ball
1-0: Ball
2-0: Fielders Choice at 2nd, 6-4 (Groundball, 56, EV 101.9 MPH)
Top of the 8th over - 0 runs, 0 hits, 0 errors, 1 left on base; Southbay 0 - Colorado 1
BOTTOM OF THE 8TH
Colorado Demigods batting - Pitching for Southbay Beanballers : RHP Blake Treinen
Batting: RHB Jose Altuve 0-0: Ball
1-0: Called Strike
1-1: Ball
2-1: Ball
3-1: Base on Balls
Batting: LHB Freddie Freeman 0-0: Called Strike
Jose Altuve steals 2nd base
0-1: Foul Ball, location: 2F
0-2: Ball
1-2: Ball
2-2: Ball
3-2: Intentional Walk
Pitching: RHP Carlos Martinez
Batting: RHB J.D. Martinez 0-0: Called Strike
0-1: Swinging Strike
0-2: Ball
1-2: Ball
2-2: Strikes out swinging
Batting: SHB Francisco Lindor 0-0: Ball
1-0: Called Strike
1-1: Foul Ball, location: 2F
1-2: Fielders Choice at 2nd, 6-4 (Groundball, 6, EV 84.4 MPH)
Jose Altuve to third
Batting: RHB Justin Turner 0-0: Fly out, F8 (Line Drive, 8RD, EV 98.1 MPH)
Bottom of the 8th over - 0 runs, 0 hits, 0 errors, 2 left on base; Southbay 0 - Colorado 1
TOP OF THE 9TH
Southbay Beanballers batting - Pitching for Colorado Demigods : RHP Corey Kluber
Now in RF: Ender Inciarte
Batting: SHB Yoan Moncada 0-0: Ball
1-0: Fly out, F8 (Flyball, 89XD, EV 92.5 MPH)
Batting: RHB Nolan Arenado 0-0: Ball
1-0: Ball
2-0: Called Strike
2-1: Ground out 6-3 (Groundball, 6S, EV 81.3 MPH)
Batting: RHB Marcell Ozuna 0-0: Called Strike
0-1: Ball
1-1: Swinging Strike
1-2: Strikes out looking
Top of the 9th over - 0 runs, 0 hits, 0 errors, 0 left on base; Southbay 0 - Colorado 1
Monday, May 4th, 2020 - OOTP Baseball 21.3 Build 45